 Dungeon Crawl Stone Soup version bcrawl-1.36.4 (webtiles) character file.

Game seed: 1422818600437535214

351654 jojo4K the Cleaver (level 10, -11/115 HPs)
             Began as a Minotaur Berserker on Aug 19, 2022.
             Was an Elder of Trog.
             Mangled by a death yak (17 damage)
             ... on level 7 of the Dungeon.
             The game lasted 00:08:31 (6442 turns).

jojo4K the Cleaver (Minotaur Berserker)             Turns: 6442, Time: 00:08:32

Health: -11/115    AC: 17    Str: 30    XL:     10   Next: 10%
Magic:  9/9        EV:  9    Int:  4    God:    Trog [****..]
Gold:   666        SH:  0    Dex: 10    Spells: 9/9 levels left

rFire    . . .     SeeInvis .   a - +0 hand axe
rCold    . . .     Gourm    .   (no shield)
rNeg     . . .     Faith    .   c - +0 plate armour
rPois    .         Spirit   .   (helmet restricted)
rElec    .         Reflect  .   o - +0 cloak (curse)
rCorr    .                      (no gloves)
MR       +++..                  (no boots)
Stlth    ..........             (no amulet)
HPRegen  1.59/turn              (no ring)
MPRegen  0.11/turn              (no ring)

@: berserking (expiring), regenerating, very quick
A: retaliatory headbutt, horns 2
a: Berserk, Trog's Hand, Brothers in Arms, Renounce Religion


You were on level 7 of the Dungeon.
You worshipped Trog.
Trog was greatly pleased with you.
You were near starving.

You visited 1 branch of the dungeon, and saw 7 of its levels.
You also visited: Ossuary.

You collected 666 gold pieces.

Inventory:

Hand Weapons
 a - a +0 hand axe (weapon)
 C - the +5 short sword of the Howling One {pierce, Str+6, unknown}
   (You found it on level 6 of the Dungeon)

   It will always inflict at least some extra damage.
   This minimum extra damage increases with your current reserve of magical
   power.
   It affects your strength (+6).
Armour
 b - a +0 animal skin
 c - a +0 plate armour (worn)
 o - a cursed +0 cloak (worn)
 y - a +1 pair of boots
 A - a +0 pair of gloves
Jewellery
 m - an uncursed ring of teleportation
Wands
 f - a wand of paralysis (8)
Scrolls
 i - 5 scrolls of identify
 j - a scroll of fog {unknown}
 l - a scroll of enchant weapon {unknown}
 p - 3 scrolls of amnesia {unknown}
 r - 2 scrolls of teleportation {unknown}
 s - 2 scrolls of magic mapping {unknown}
 w - 3 scrolls of remove curse
 B - a scroll of fear {unknown}
Potions
 d - 4 potions of flight {unknown}
 g - 3 potions of brilliance {unknown}
 h - a potion of mutation {unknown}
 k - 3 potions of heal wounds {unknown}
 n - a potion of resistance {unknown}
 q - 8 potions of curing {unknown}
 t - a potion of lignification {unknown}
 u - 3 potions of might {unknown}
 v - a potion of invisibility {unknown}
 x - a potion of ambrosia {unknown}
 z - a potion of cancellation {unknown}
 D - a potion of degeneration {unknown}
Comestibles
 e - 2 rations {!d}


   Skills:
 - Level 3.6 Fighting
 + Level 12.5 Axes
 + Level 12.3 Armour
 - Level 2.1 Dodging


You had 9 spell levels left.
You didn't know any spells.
Your spell library was empty.

Dungeon Overview and Level Annotations

Branches:
Dungeon (7/12)             Temple (0/1) D:5            Lair (0/6) D:7

Altars:
Elyvilon
Fedhas
Gozag
Hepliaklqana
Kikubaaqudgha
Makhleb
Vehumet
Wu Jian
The Shining One


Innate Abilities, Weirdness & Mutations

You reflexively headbutt those who attack you in melee.
You have a pair of horns on your head.


Message History

You hit the death yak but do no damage. You headbutt the death yak.
You kill the death yak!
Trog accepts your kill.
You barely miss the death yak.
You have reached level 10!
You slash the death yak! You headbutt the death yak!
The death yak is heavily wounded.
The death yak barely misses you.
You slash the death yak!
You headbutt the death yak, but do no damage.
The death yak is heavily wounded.
You hit the death yak.
The death yak gores you but does no damage.
You are near starving!
You slash the death yak! You headbutt the death yak.
The death yak is heavily wounded.
You slash the death yak!
You feel less exhausted. The death yak gores you!
You die...

....##########.#.# ##.##
#.#.# #.# #.#.# #.#
#.#.####### #.#
#.......... #.#
###.######. #.# #.#
#.########## #.#
#.##........ #@#
#.##........ #YYY.....
#..'........ .Y.......
#####........ ..........
...................#...#
####..........##.....>.#
.............. ....#...#
............. .........
.............


You could see 4 death yaks.

Vanquished Creatures
  3 death yaks (D:7)
  A steam dragon (D:6)
  3 orc warriors
  A sky beast (D:4)
  A phantom (D:5)
  3 ogres (D:4)
  A kobold brigand (D:6)
  4 bullfrogs
  A centaur (D:6)
  A water moccasin skeleton (D:4)
  2 scorpions (D:5)
  2 howler monkeys
  2 orc priests
  4 crimson imps
  2 hounds
  A bullfrog zombie (D:6)
  2 gnoll shamans
  An iguana (D:4)
  An orc wizard (D:5)
  3 worker ants
  A hound skeleton (D:5)
  8 mummies (Ossuary)
  15 gnolls
  9 adders
  3 oozes
  An adder skeleton (D:6)
  7 worms
  A dart slug (D:1)
  4 leopard geckos
  23 orcs
  7 bats
  A giant cockroach (D:3)
  2 gnoll zombies (Ossuary)
  8 hobgoblins
  8 jackals
  3 quokkas
  A frilled lizard (D:1)
  7 goblins
  A hobgoblin zombie (Ossuary)
  12 kobolds
  3 kobold zombies (Ossuary)
  2 orc zombies (Ossuary)
  A quokka skeleton (D:4)
  2 rats
169 creatures vanquished.

Notes
Turn   | Place    | Note
-------+----------+-------------------------------------------
     0 | D:1      | jojo4K the Minotaur Berserker began the quest for the Orb.
     0 | D:1      | Reached XP level 1. HP: 19/19 MP: 0/0
   162 | D:1      | Reached XP level 2. HP: 26/26 MP: 1/1
   635 | D:2      | Reached XP level 3. HP: 30/31 MP: 2/2
   989 | D:2      | Reached ** piety under Trog
  1382 | D:3      | Reached XP level 4. HP: 24/39 MP: 3/3
  1494 | D:3      | Reached skill level 5 in Axes
  2467 | D:4      | Reached XP level 5. HP: 38/45 MP: 4/4
  2514 | D:4      | Noticed an ogre
  2515 | D:4      | Noticed an ogre
  2516 | D:4      | Noticed a sky beast
  2520 | D:4      | Killed an ogre
  2521 | D:4      | Reached skill level 5 in Armour
  2523 | D:4      | Killed an ogre
  2524 | D:4      | Reached XP level 6. HP: 47/51 MP: 5/5
  2541 | D:4      | Killed a sky beast
  2696 | D:4      | Reached XP level 7. HP: 53/57 MP: 6/6
  3141 | D:4      | Found a sand-covered staircase.
  3145 | Ossuary  | Entered an ossuary
  3265 | Ossuary  | Reached *** piety under Trog
  3793 | D:5      | Entered Level 5 of the Dungeon
  4022 | D:5      | Reached XP level 8. HP: 64/64 MP: 7/7
  4152 | D:5      | Found a staircase to the Ecumenical Temple.
  5144 | D:6      | Reached skill level 10 in Axes
  5145 | D:6      | Reached **** piety under Trog
  5332 | D:6      | Reached skill level 10 in Armour
  5598 | D:6      | Reached XP level 9. HP: 69/70 MP: 8/8
  5610 | D:6      | Got a fading short sword
  5771 | D:6      | Found a hazy altar of Hepliaklqana.
  5772 | D:6      | Found an ancient bone altar of Kikubaaqudgha.
  5778 | D:6      | Found an opulent altar of Gozag.
  6114 | D:6      | Found a glowing golden altar of the Shining One.
  6114 | D:6      | Found a blossoming altar of Fedhas.
  6114 | D:6      | Found a white marble altar of Elyvilon.
  6114 | D:6      | Found a radiant altar of Vehumet.
  6118 | D:6      | Found an ornate altar of the Wu Jian Council.
  6119 | D:6      | Found a burning altar of Makhleb.
  6419 | D:7      | Noticed a death yak
  6419 | D:7      | Noticed a death yak
  6420 | D:7      | Found a staircase to the Lair.
  6420 | D:7      | Noticed a death yak
  6420 | D:7      | Noticed a death yak
  6421 | D:7      | Noticed a death yak
  6421 | D:7      | Noticed a death yak
  6421 | D:7      | Noticed a death yak
  6421 | D:7      | Noticed a death yak
  6430 | D:7      | Killed a death yak
  6436 | D:7      | Killed a death yak
  6438 | D:7      | HP: 3/105 [death yak (9)]
  6439 | D:7      | Killed a death yak
  6440 | D:7      | Reached XP level 10. HP: 4/77 MP: 9/9
  6442 | D:7      | Mangled by a death yak

Skill      XL: |  1  2  3  4  5  6  7  8  9 |
---------------+----------------------------+-----
Axes           | 4 5 6 7 8 10 12 | 12.5
Armour         | 3 4 5 6 8 10 12 | 12.3
Fighting       | |  3.6
Dodging        | |  2.1

Action                   |  1- 3 |  4- 6 |  7- 9 | 10-12 || total
-------------------------+-------+-------+-------+-------++-------
Melee: Hand axe          |   103 |   107 |   319 |     3 ||   532
       Headbutt          |    18 |    17 |    79 |     3 ||   117
Invok: Berserk           |       |     1 |     4 |       ||     5
       Trog's Hand       |       |       |     1 |       ||     1
       Brothers in Arms  |       |       |     1 |       ||     1
  Use: Scroll            |       |     1 |       |       ||     1
  Eat: Chunk             |     4 |     8 |     8 |       ||    20
       Ration            |       |       |     3 |       ||     3
Armor: Plate armour      |    69 |    68 |   177 |     1 ||   315
Dodge: Dodged            |    30 |    49 |   108 |     1 ||   188
